 Dungeon Crawl Stone Soup version 0.29-a0-1009-g60c99734e7 (webtiles) character file.

Game seed: 6919101554626855280

18 drpainis the Sneak (level 2, 0/13 HPs)
             Began as a Spriggan Enchanter on Aug 8, 2022.
             Slain by a bat (1 damage)
             ... on level 1 of the Dungeon.
             The game lasted 00:01:32 (853 turns).

drpainis the Sneak (Spriggan Enchanter)              Turns: 853, Time: 00:01:33

Health: 0/13       AC:  2    Str:  4    XL:     2   Next: 48%
Magic:  7/7        EV: 17    Int: 16    God:
Gold:   57         SH:  0    Dex: 15    Spells: 7/7 levels left

rFire   . . .      SeeInvis +   a - +1 dagger
rCold   . . .      Faith    .   (no shield)
rNeg    . . .      Spirit   .   b - +0 robe
rPois   .          Reflect  .   (helmet restricted)
rElec   .          Harm     .   (no cloak)
rCorr   .          Rampage  .   (gloves unavailable)
Will    .....                   (boots unavailable)
Stlth   +++.......              (no amulet)
HPRegen 0.04/turn               (no ring)
MPRegen 0.10/turn               (no ring)

@: invisible, very quick
A: very small, no large weapons, unfitting armour, see invisible, speed 3
a: no special abilities


You were on level 1 of the Dungeon.
You visited 1 branch of the dungeon, and saw 1 of its levels.

You collected 57 gold pieces.

Inventory:

Hand Weapons
 a - a +1 dagger (weapon)
Missiles
 d - 8 poisoned darts (quivered)
Armour
 b - a +0 robe (worn)
Scrolls
 e - 2 scrolls of identify {unknown}
 f - 2 scrolls of amnesia {unknown}
 g - a scroll of enchant weapon {unknown}
 h - a scroll of teleportation {unknown}
Potions
 c - a potion of invisibility
 i - a potion of berserk rage {unknown}


   Skills:
 + Level 1.2 Short Blades
 + Level 3.1 Dodging
 + Level 4.9 Stealth
 + Level 3.0 Spellcasting
 + Level 3.9 Hexes


You had 7 spell levels left.
You didn't know any spells.
Your spell library contained the following spells:

 Spells                   Type           Power      Damage    Failure   Level
 Confusing Touch          Hex            14%        N/A       11%         3
 Tukima's Dance           Hex            14%        N/A       11%         3
 Ensorcelled Hibernation  Hex/Ice        16%        N/A       13%         2
 Dazzling Flash           Conj/Hex       16%        N/A       26%         3


Dungeon Overview and Level Annotations

Branches:
Dungeon (1/15)

Altars:


Innate Abilities, Weirdness & Mutations

You are very small and have problems with some larger weapons.
You are too small for most types of armour.
You have supernaturally acute eyesight. (SInv)
You cover ground extremely quickly. (Speed+++)


Message History

Found a scratched coral ring and 5 stones.
There is an open door here.
The rat closely misses you. The rat completely misses you.
You see here a ring of positive energy.
As you open the door, it creaks loudly!
There is an open door here.
You open the door.
A hobgoblin and a bat come into view.
Found a scroll labelled VOOLIO SA EGANI.
The hobgoblin shouts!
The bat barely misses you.
There is an open door here.
The bat closely misses you. The hobgoblin closely misses you.
The hobgoblin barely misses you. The bat barely misses you.
You open the door. The bat misses you. The hobgoblin closely misses you.
There is an open door here.
The bat hits you.
* * * LOW HITPOINT WARNING * * *
The bat misses you. The bat barely misses you. The bat completely misses you.
You barely miss the quokka.
The quokka is moderately wounded.
The bat completely misses you. The quokka closely misses you.
You miss the quokka.
The quokka is moderately wounded.
The bat hits you but does no damage. The quokka misses you.
The bat closely misses you. The quokka misses you.
You closely miss the quokka.
The quokka is moderately wounded.
The bat misses you. The bat hits you.
* * * LOW HITPOINT WARNING * * *
The quokka closely misses you.
You fade into invisibility!
The bat barely misses you. The quokka completely misses you. The bat hits you.
* * * LOW HITPOINT WARNING * * *
You hit the quokka.
The quokka is almost dead.
The bat hits you.
You die...

#.# #....####### ###.##
#.# ####........ ......
#.# #.####### #...
#.###### #.# #...
#.#....####.# #####...
#.#..?.'.r#.# #......#
#.#....##g#.# #......#
#.#....##b#.#######......#
#.#...r##@#>.............+
#.###'###r########.......#
#.# #.# #K.........†.....#
#.###.###(......###......#
#.#.....'=......'..[......
#)#...###.......##########
#.#...# ######### #.#...#
#.#####


You could see a quokka (unable to see you), a hobgoblin (unable to see you), a
bat, a kobold (unable to see you) and a rat (unable to see you).

Vanquished Creatures
  3 giant cockroaches (D:1)
  3 goblins (D:1)
  3 hobgoblins (D:1)
  3 bats (D:1)
  A frilled lizard (D:1)
  2 kobolds (D:1)
  A rat (D:1)
16 creatures vanquished.

Notes
Turn   | Place    | Note
-------+----------+-------------------------------------------
     0 | D:1      | drpainis the Spriggan Enchanter began the quest for the
                  | Orb.
     0 | D:1      | Reached XP level 1. HP: 9/9 MP: 5/5
   545 | D:1      | Reached XP level 2. HP: 13/13 MP: 6/6
   853 | D:1      | Slain by a bat

Illustrated notes

Levels and vault maps discovered:
D:1:      wheals_arrival_shading, layout_basic

Skill      XL: |  1  2 |
---------------+-------+-----
Spellcasting   | 3 |  3.0
Dodging        | 3 |  3.1
Short Blades   | |  1.2
Stealth        | |  4.9
Hexes          | |  3.9

Action                   || total
-------------------------++-------
Melee: Dagger            ||    56
       Punch             ||     1
  Use: Potion            ||     1
 Stab: Sleeping          ||     6
       Distracted        ||     1
Armor: Robe              ||     2
Dodge: Dodged            ||    58

Table legend: (Time is in decaauts)
 A = Elapsed time spent in this place.
 B = Non-inter-level travel time spent in this place.
 C = Inter-level travel time spent in this place.
 D = Time resting spent in this place.
 E = Time spent auto-exploring this place.
 F = Levels seen in this place.
 G = Mean time per level.
                   A        B        C        D        E       F      G
               +--------+--------+--------+--------+--------+-----+--------+
         Total |    654 |    651 |      3 |    278 |    201 |   1 |  654.0 |
       Dungeon |    654 |    651 |      3 |    278 |    201 |   1 |  654.0 |
               +--------+--------+--------+--------+--------+-----+--------+

Top non-repeatable levels by time:
     D:1: 654 daAuts
